 Dungeon Crawl Stone Soup version 0.17.0-28-g6e173f8 (webtiles) character file.

1435 ketsa the Spear-Bearer (level 8, -1/63 HPs)
             Began as a Merfolk Gladiator on Nov 29, 2015.
             Was a Follower of Okawaru.
             Succumbed to poison (a potion of poison)
             ... on level 8 of the Dungeon.
             The game lasted 00:18:42 (5451 turns).

ketsa the Spear-Bearer (Merfolk Gladiator)          Turns: 5451, Time: 00:18:42

Health: -1/63      AC: 15    Str: 15    XL:     8   Next: 73%
Magic:  15/17      EV: 20    Int:  7    God:    Okawaru [*.....]
Gold:   318        SH:  0    Dex: 22    Spells: 0 memorised, 7 levels left

rFire  . . .     SeeInvis .     a - +1 trident
rCold  . . .     Clarity  .     z - +3 chain mail of Ihitwiw {MR+ Regen+ MP+9}
rNeg   . . .     SustAt   .     (no shield)
rPois  .         Gourm    +     c - +1 helmet
rElec  .         Spirit   .     (no cloak)
rCorr  .         Warding  .     (no gloves)
rMut   .         Stasis   .     (no boots)
MR     +....                    p - amulet of the gourmand
Stlth  +.........               (no ring)
                                (no ring)

@: agile, lethally poisoned (-1 -> -12), heroism, very slightly contaminated,
hasted, very quick, somewhat resistant to hostile enchantments, very unstealthy
A: change form in water, swift swim
a: Heroism, Renounce Religion


You were on level 8 of the Dungeon.
You worshipped Okawaru.
Okawaru was aware of your devotion.
You were very full.

You visited 2 branches of the dungeon, and saw 8 of its levels.

You collected 318 gold pieces.

Inventory:

Hand Weapons
 a - a +1 trident (weapon)
 g - a +1 flail of draining
Missiles
 d - 2 throwing nets (quivered)
 f - 144 stones
 y - 91 arrows
Armour
 b - a +0 leather armour
 c - a +1 helmet (worn)
 h - a +0 leather armour
 x - a +0 ring mail
 z - the +3 chain mail of Ihitwiw (worn) {MR+ Regen+ MP+9}
   (You found it on level 5 of the Dungeon)

   It affects your resistance to hostile enchantments.
   It affects your magic capacity (+9).
   It increases your rate of regeneration.
Jewellery
 n - an uncursed ring of fire {unknown}
 p - an amulet of the gourmand (around neck)
 t - an uncursed ring of flight {unknown}
Wands
 B - a wand of slowing (48)
Scrolls
 j - a scroll of teleportation
 l - 2 scrolls of remove curse
 m - 6 scrolls of identify
 s - 2 scrolls of blinking
 v - a scroll of recharging
 A - a scroll of fear
Potions
 q - a potion of brilliance
 r - a potion of mutation
 w - a potion of poison
 C - a potion of haste
Comestibles
 e - 4 bread rations
 i - 4 meat rations
 o - 2 slices of pizza


   Skills:
 + Level 5.4(10.4) Fighting
 * Level 11.3(16.3) Polearms
 - Level 2.0(7.0) Throwing
 + Level 1.6(6.6) Armour
 + Level 7.8(12.8) Dodging


You had 7 spell levels left.
You didn't know any spells.

Dungeon Overview and Level Annotations

Branches:
Dungeon (8/15)             Temple (1/1) D:5
   Lair: D:8-11

Altars:
Ashenzari
Cheibriados
Dithmenos
Elyvilon
Fedhas
Gozag
Makhleb
Nemelex Xobeh
Okawaru
Qazlal
Ru
Sif Muna
Trog
Vehumet
Xom
Yredelemnul
Zin
The Shining One

Shops:
D:5 (


Message History

You closely miss the killer bee.
The killer bee is moderately wounded.
* * * LOW HITPOINT WARNING * * *
You feel sick. The killer bee barely misses you.
Your chain mail of Ihitwiw prevents you from hitting the killer bee.
The killer bee is moderately wounded.
* * * LOW HITPOINT WARNING * * *
You feel sick.
You hit the killer bee.
The killer bee is heavily wounded.
The killer bee stings you but does no damage.
You closely miss the killer bee.
The killer bee is heavily wounded.
* * * LOW HITPOINT WARNING * * *
You feel sick.
The killer bee stings you but does no damage.
You puncture the killer bee!
You kill the killer bee!
Okawaru accepts your kill.
You die...

#...###......#
#...##........
##.............
#..............
#.....)........
##...............
#..##........#### ##.#
#......## ##@## #....###
##.y# #...## ##..## #...#
#..># #..## ...#########...#
#..# ............"..# ##..#
...............# ##...##
#.....###......####.....####
.#..##
####............)..####


You could see a killer bee.

Vanquished Creatures
  Edmund (D:5)
  2 sky beasts
  A centaur (D:6)
  An ogre (D:5)
  A gnoll sergeant (D:8)
  A giant frog (D:8)
  A scorpion (D:4)
  3 killer bees (D:8)
  2 hounds
  A crimson imp (D:3)
  A jelly (D:5)
  An orc priest (D:6)
  A giant frog skeleton (D:5)
  Terence (D:2)
  An orc wizard (D:4)
  6 worker ants
  A worker ant zombie (D:6)
  8 adders
  4 gnolls (D:8)
  A shadow imp (D:5)
  2 oozes
  2 worms
  9 giant geckos
  10 orcs
  6 bats
  9 giant cockroaches
  8 goblins
  8 hobgoblins
  8 jackals
  12 kobolds
  5 quokkas
  2 ball pythons
  A ball python skeleton (D:4)
  A giant gecko zombie (D:5)
  7 giant newts
  9 rats
138 creatures vanquished.

Notes
Turn   | Place    | Note
--------------------------------------------------------------
     0 | D:1      | ketsa the Merfolk Gladiator began the quest for the Orb.
     0 | D:1      | Reached XP level 1. HP: 16/16 MP: 1/1
   133 | D:1      | Reached XP level 2. HP: 2/22 MP: 2/2
   499 | D:1      | Reached skill level 5 in Polearms
   705 | D:1      | Reached XP level 3. HP: 24/27 MP: 3/3
  1052 | D:2      | Found a shattered altar of Ashenzari.
  1052 | D:2      | Found a shimmering altar of Xom.
  1052 | D:2      | Found a glowing silver altar of Zin.
  1052 | D:2      | Found a blossoming altar of Fedhas.
  1052 | D:2      | Found a white marble altar of Elyvilon.
  1149 | D:2      | Reached skill level 6 in Polearms
  1276 | D:2      | Reached skill level 5 in Dodging
  1328 | D:2      | Reached XP level 4. HP: 33/33 MP: 4/4
  1502 | D:2      | Noticed Terence
  1678 | D:2      | Killed Terence
  1678 | D:2      | Reached XP level 5. HP: 16/39 MP: 5/5
  1901 | D:3      | Found a stormy altar of Qazlal.
  1984 | D:3      | Reached skill level 7 in Polearms
  2519 | D:3      | Found a burning altar of Makhleb.
  2520 | D:3      | Found a radiant altar of Vehumet.
  2679 | D:4      | Reached skill level 8 in Polearms
  2679 | D:4      | Reached XP level 6. HP: 45/47 MP: 6/6
  3668 | D:5      | Entered Level 5 of the Dungeon
  3674 | D:5      | Reached skill level 9 in Polearms
  3674 | D:5      | Reached XP level 7. HP: 46/52 MP: 7/7
  3684 | D:5      | Found a staircase to the Ecumenical Temple.
  3716 | Temple   | Entered the Ecumenical Temple
  3844 | Temple   | Became a worshipper of Warmaster Okawaru
  3994 | D:5      | Noticed Edmund
  4028 | D:5      | Found Tuirryah's Weapon Boutique.
  4169 | D:5      | Killed Edmund
  4459 | D:5      | Reached * piety under Okawaru
  4459 | D:5      | Reached skill level 10 in Polearms
  4477 | D:5      | Found a glowing golden altar of the Shining One.
  4479 | D:5      | Noticed an angel
  4486 | D:5      | Found a basalt altar of Yredelemnul.
  4488 | D:5      | Noticed a profane servitor
  4579 | D:5      | Got a twisted chain mail
  4590 | D:5      | Identified the +3 chain mail of Ihitwiw {MR+ Regen+ MP+9} (You found it on level 5 of the Dungeon)
  4678 | D:6      | Reached XP level 8. HP: 58/61 MP: 8/8
  5001 | D:6      | You fall through a shaft for 2 floors!
  5017 | D:8      | Gained mutation: You are robust (+10% HP). [potion of mutation]
  5017 | D:8      | Gained mutation: Your magical capacity is low (-10% MP). [potion of mutation]
  5017 | D:8      | Gained mutation: You are occasionally teleported to nearby monsters. [potion of mutation]
  5039 | D:8      | Reached skill level 1 in Armour
  5041 | D:8      | Reached skill level 5 in Fighting
  5374 | D:8      | Reached skill level 11 in Polearms
  5428 | D:8      | Reached ** piety under Okawaru
  5438 | D:8      | Lost mutation: Your magical capacity is low (-10% MP). [potion of cure mutation]
  5438 | D:8      | Lost mutation: You are occasionally teleported to nearby monsters. [potion of cure mutation]
  5438 | D:8      | Lost mutation: You are robust (+10% HP). [potion of cure mutation]
  5446 | D:8      | HP: 3/62 [poison (a potion of poison)]
  5449 | D:8      | HP: 1/62 [poison (a potion of poison)]
  5451 | D:8      | Succumbed to poison (a potion of poison)

Action                   |  1- 3 |  4- 6 |  7- 9 || total
-------------------------+-------+-------+-------++-------
Melee: Trident           |   138 |   231 |   257 ||   626
Throw: Throwing net      |       |     1 |     2 ||     3
Invok: Heroism           |       |       |     1 ||     1
  Use: Scroll            |       |       |    11 ||    11
       Potion            |       |       |     7 ||     7
 Stab: Sleeping          |     1 |     4 |       ||     5
       Distracted        |     1 |     1 |       ||     2
       Held in net/web   |       |       |     1 ||     1
  Eat: Chunk             |    16 |     8 |     5 ||    29
